 Dungeon Crawl Stone Soup version 0.22.1-2-g9c5b331383 (webtiles) character file.

114422 krautrogue the Executioner (level 16, -18/170 HPs)
             Began as a Minotaur Berserker on Dec 2, 2018.
             Was the Champion of Trog.
             Demolished by Asterion
             ... wielding a +4 morningstar of draining
              (27 damage)
             ... on level 2 of the Snake Pit on Dec 4, 2018.
             The game lasted 02:26:48 (40701 turns).

krautrogue the Executioner (Minotaur Berserker)    Turns: 40701, Time: 02:26:49

Health: -18/170    AC: 25    Str: 25    XL:     16   Next: 16%
Magic:  15/15      EV:  9    Int:  6    God:    Trog [******]
Gold:   1241       SH:  0    Dex: 17    Spells: 15/15 levels left

rFire    + + +     SeeInvis .   P - +5 executioner's axe of Igigen {elec, Dex+5}
rCold    x . .     Gourm    .   (shield currently unavailable)
rNeg     + . .     Faith    .   K - +8 fire dragon scales
rPois    +         Spirit   .   A - +2 hat {MR+}
rElec    .         Reflect  .   I - +2 cloak {rPois}
rCorr    +         Harm     +   i - +2 pair of gloves of the Foremost Places {rCorr Str-5 Int+7}
MR       ++...                  F - +0 pair of boots
Stlth    ..........             e - amulet of harm
HPRegen  0.38/turn              v - ring "Vekaivit" {rF+++ rN+ Str+3 Int-5 Stlth-}
MPRegen  0.14/turn              X - ring of protection from fire

@: lethally poisoned (-18 -> -18), berserk cooldown, hasted and slowed, studying
Maces & Flails, heavily drained
A: retaliatory headbutt, horns 2
a: Berserk, Trog's Hand, Brothers in Arms, Renounce Religion


You were on level 2 of the Snake Pit.
You worshipped Trog.
Trog was exalted by your worship.
You were very hungry.

You visited 4 branches of the dungeon, and saw 24 of its levels.
You also visited: Ice Cave.

You collected 2579 gold pieces.
You spent 1338 gold pieces at shops.

Inventory:

Hand Weapons
 t - the +10 broad axe of Obiak {flame, +Inv}
   (Trog gifted it to you on level 12 of the Dungeon)

   It has been specially enchanted to burn those struck by it, causing extra
   injury to most foes and up to half again as much damage against particularly
   susceptible opponents.
   Big, fiery blades are also staple armaments of hydra-hunters.
   It lets you turn invisible.
 P - the +5 executioner's axe of Igigen (weapon) {elec, Dex+5}
   (Trog gifted it to you on level 2 of the Orcish Mines)

   Occasionally, upon striking a foe, it will discharge some electrical energy
   and cause terrible harm.
   It affects your dexterity (+5).
 S - a +0 battleaxe of freezing
 T - a +2 antimagic executioner's axe
Missiles
 B - 93 poisoned needles
Armour
 i - the +2 pair of gloves of the Foremost Places (worn) {rCorr Str-5 Int+7}
   (You acquired it on level 2 of the Orcish Mines)

   It affects your strength (-5).
   It affects your intelligence (+7).
   It provides partial protection from all sources of acid and corrosion.
 A - a +2 hat of magic resistance (worn)
 F - a +0 pair of boots (worn)
 I - a +2 cloak of poison resistance (worn)
 K - +8 fire dragon scales (worn)
Jewellery
 a - an uncursed ring of protection from cold
 e - an amulet of harm (around neck)
 o - an uncursed amulet of the acrobat
 v - the ring "Vekaivit" (left hand) {rF+++ rN+ Str+3 Int-5 Stlth-}
   (You found it in an ice cave)

   [ring of attention]

   It affects your strength (+3).
   It affects your intelligence (-5).
   It renders you almost immune to fire.
   It protects you from negative energy.
   It makes you less stealthy.
 X - a ring of protection from fire (right hand)
Wands
 c - a wand of clouds (2)
 x - a wand of disintegration (24)
 z - a wand of flame (41)
 N - a wand of acid (6)
 O - a wand of digging (27)
 Y - a wand of paralysis (53)
Scrolls
 b - 6 scrolls of remove curse
 m - a scroll of vulnerability {unknown}
 E - a scroll of amnesia {unknown}
 J - 2 scrolls of fear
 Q - 4 scrolls of magic mapping
 R - 8 scrolls of teleportation
 V - a scroll of torment
Potions
 d - 2 potions of might
 f - 6 potions of flight
 g - 2 potions of brilliance {unknown}
 h - 2 potions of heal wounds
 j - 3 potions of lignification
 l - a potion of haste
 p - 4 potions of agility
 q - 2 potions of invisibility
 r - 10 potions of curing
 s - 4 potions of degeneration
 C - a potion of resistance {unknown}
 H - a potion of magic {unknown}
 M - 5 potions of mutation
 U - 2 potions of cancellation {unknown}
 W - 3 potions of berserk rage
Books
 G - a manual of Maces & Flails
Miscellaneous
 u - a box of beasts
 y - a fan of gales
Comestibles
 n - 27 rations


   Skills:
 * Level 22.4(19.6) Fighting
 * Level 22.4(19.6) Axes
 - Level 2.8(1.0) Armour
 - Level 2.2(0.4) Dodging


You had 15 spell levels left.
You didn't know any spells.
Your spell library was empty.

Dungeon Overview and Level Annotations

Branches:
Dungeon (14/15)            Temple (0/1) D:7            Lair (6/6) D:10
 Shoals (0/4) Lair:2        Snake (2/4) Lair:3        Slime (0/5) Lair:5
    Orc (2/2) D:10            Elf (0/3) Orc:2        Vaults (0/5) D:14

Altars:
Elyvilon
Okawaru
Sif Muna
Trog
Uskayaw
Jiyva

Shops:
D:6 *   D:7 }   Orc:2 (}?*

Portals:
Pandemonium: Orc:2

Annotations:
D:10 exclusion: obsidian statue
Snake:2 Asterion


Innate Abilities, Weirdness & Mutations

You reflexively headbutt those who attack you in melee.
You have a pair of horns on your head.


Message History

Asterion conjures a destructive force in the name of Makhleb!
The sticky flame hits you! You resist.
You are covered in liquid flames!
* * * LOW HITPOINT WARNING * * *
You feel much better.
You are covered in liquid flames!
You feel sick. Asterion barely misses you.
Asterion gores you but does no damage.
You feel yourself speed up.
You are covered in liquid flames!
* * * LOW HITPOINT WARNING * * *
Asterion conjures a destructive force in the name of Makhleb!
The bolt of negative energy hits you! You partially resist.
You feel drained.
* * * LOW HITPOINT WARNING * * *
Asterion hits you but does no damage. You partially resist.
You feel drained. Asterion closely misses you.
You are covered in liquid flames!
* * * LOW HITPOINT WARNING * * *
Asterion hits you with a morningstar of draining!!
You die...

.............).(.....#
.....................#
............†..........#
.................N.....#
.......................#
.......................#
.......................#
................H.....##
................@.....#
# #..................##
####.................#
..###................#
...###......^........##
...# ##...............#
##.###................#
# ###.................#
## ##.................#


You could see Asterion and a naga.

Vanquished Creatures
  A bone dragon (D:14)
  Gastronok (Lair:1)
  A nagaraja (Snake:2)
  A frost giant (IceCv)
  An orc warlord (Orc:2)
  The ghost of Allula97 the Fighter, a journeyman DsBe of Jiyva (Lair:5)
  The ghost of zuik the Grappler, a journeyman TrMo of Uskayaw (Lair:5)
  Harold (Lair:2)
  Erolcha (D:9)
  Josephine (Orc:1)
  A vault guard (D:14)
  A merfolk avatar (Lair:6)
  2 naga warriors
  2 hydras
  Erica (D:8)
  A centaur warrior (D:14)
  A two-headed ogre (D:9)
  3 tengu warriors (D:14)
  3 anacondas
  4 death yaks
  3 orc high priests (Orc:2)
  2 shock serpents (Snake:1)
  Urug (D:12)
  Nergalle (Lair:2)
  A soul eater (Orc:2)
  3 naga sharpshooters (Snake:2)
  A sun demon (Orc:2)
  A salamander mystic (Snake:2)
  A sixfirhy (Orc:2)
  A sea snake (Lair:6)
  2 gelid demonspawn (Orc:2)
  2 infernal demonspawn (Orc:2)
  A naga ritualist (Snake:1)
  A harpy (Lair:6)
  A wolf spider zombie (D:14)
  A deep elf mage (D:13)
  9 orc sorcerers
  6 orc knights
  A necromancer (D:14)
  A salamander (Snake:1)
  2 mana vipers (Snake:1)
  4 ugly things
  2 cyclopes (D:11)
  4 manticores
  A guardian serpent (Snake:2)
  7 elephants
  10 centaur zombies
  13 black mambas
  2 smoke demons (Orc:2)
  10 spiny frogs
  An ice statue (IceCv)
  2 orange demons (Orc:2)
  3 naga magi
  13 centaur skeletons
  2 kobold demonologists
  3 rime drakes
  11 komodo dragons
  A freezing wraith (D:12)
  A tengu conjurer (D:14)
  A merfolk (D:9)
  19 polar bears
  4 trolls
  2 wind drakes (Lair:6)
  A raiju (shapeshifter) (D:12)
  6 dream sheep (Lair:5)
  4 hornets
  Grinder (D:5)
  26 blink frogs
  A meliai zombie (D:14)
  6 hippogriffs
  36 yaks
  A wyvern (D:14)
  23 humans (D:14)
  5 wraiths (Orc:1)
  5 basilisks
  8 vampire mosquitoes
  5 wargs
  3 hungry ghosts
  13 nagas
  11 porcupines
  8 water moccasins
  37 orc warriors
  A phantom (D:6)
  An ice beast (D:11)
  An eye of draining (D:14)
  5 sky beasts
  2 necrophages
  8 ogres
  22 wolves
  9 centaurs
  14 crocodiles
  2 big kobolds (D:10)
  15 bullfrogs
  A gnoll sergeant (D:11)
  A wyvern zombie (D:6)
  5 scorpions
  A wyvern skeleton (D:14)
  A water moccasin skeleton (D:3)
  10 killer bees
  2 howler monkeys
  5 crimson imps
  6 hounds
  A quasit (D:12)
  30 orc priests
  3 bullfrog zombies
  5 jellies
  4 bullfrog skeletons
  Crazy Yiuf (D:7)
  Jessica (D:2)
  7 iguanas
  13 worker ants
  12 orc wizards
  A hound zombie (D:11)
  A hound skeleton (D:8)
  12 adders
  6 gnolls
  5 river rats (D:5)
  2 shadow imps (D:11)
  12 white imps (D:14)
  An ooze (D:4)
  10 worms
  A dart slug (D:1)
  6 leopard geckos
  81 orcs
  5 ball pythons
  3 giant cockroaches
  7 goblins
  7 hobgoblins
  8 jackals
  17 kobolds
  4 quokkas
  9 bats
  6 frilled lizards
  A giant cockroach zombie (D:5)
  A leopard gecko skeleton (D:3)
  A quokka skeleton (D:6)
  2 quokka zombies (D:7)
  8 rats
  A bush (Lair:2)
  A butterfly (Lair:1)
  7 fungi
  9 plants
811 creatures vanquished.

Vanquished Creatures (others)
  5 plants
  6 withered plants (Lair:6)
11 creatures vanquished.

Grand Total: 822 creatures vanquished

Notes
Turn   | Place    | Note
-------+----------+-------------------------------------------
     0 | D:1      | krautrogue the Minotaur Berserker began the quest for the
                  | Orb.
     0 | D:1      | Reached XP level 1. HP: 19/19 MP: 0/0
   137 | D:1      | Reached XP level 2. HP: 17/27 MP: 1/1
  1182 | D:2      | Reached XP level 3. HP: 12/33 MP: 2/2
  1795 | D:2      | Noticed Jessica
  1805 | D:2      | Killed Jessica
  1805 | D:2      | Reached XP level 4. HP: 41/41 MP: 3/3
  2235 | D:2      | Reached ** piety under Trog
  2708 | D:3      | Reached skill level 5 in Axes
  2972 | D:3      | Found a faded altar of an unknown god.
  3127 | D:3      | Reached skill level 5 in Fighting
  3439 | D:3      | Reached XP level 5. HP: 40/48 MP: 4/4
  4169 | D:4      | Reached XP level 6. HP: 38/57 MP: 5/5
  5337 | D:5      | Entered Level 5 of the Dungeon
  5397 | D:5      | Reached XP level 7. HP: 66/66 MP: 6/6
  5426 | D:4      | Reached *** piety under Trog
  5688 | D:5      | Noticed Grinder
  5698 | D:5      | Paralysed by Grinder for 7 turns
  5719 | D:5      | Killed Grinder
  5833 | D:5      | Found a hide-covered altar of Uskayaw.
  6367 | D:6      | Found Ikior's Elemental Accessories.
  6374 | D:6      | Reached XP level 8. HP: 60/75 MP: 7/7
  6731 | D:6      | Reached **** piety under Trog
  7312 | D:6      | Reached skill level 10 in Axes
  7423 | D:7      | Reached skill level 10 in Fighting
  7693 | D:7      | Reached XP level 9. HP: 86/86 MP: 8/8
  8027 | D:7      | Found a deep blue altar of Sif Muna.
  8069 | D:7      | Found a staircase to the Ecumenical Temple.
  8142 | D:7      | Reached ***** piety under Trog
  8566 | D:7      | Found Dogubbai's Gadget Shop.
  8634 | D:7      | Found a runed door.
  8638 | D:7      | Noticed Crazy Yiuf
  8642 | D:7      | Killed Crazy Yiuf
  9303 | D:8      | Noticed Erica
  9310 | D:8      | Killed Erica
  9310 | D:8      | Reached XP level 10. HP: 99/99 MP: 9/9
  9851 | D:9      | Found an iron altar of Okawaru.
 10253 | D:9      | Got a steaming granite ring
 10347 | D:9      | Noticed a two-headed ogre
 10360 | D:9      | Killed a two-headed ogre
 10745 | D:9      | Noticed Erolcha
 10755 | D:9      | Killed Erolcha
 11290 | D:10     | Entered Level 10 of the Dungeon
 11472 | D:10     | Identified the cursed ring of Tyicivoqe {AC-3 Dex+3} (You
                  | found it on level 9 of the Dungeon)
 11480 | D:10     | Noticed an obsidian statue
 11570 | D:10     | Found a staircase to the Orcish Mines.
 11636 | D:10     | Reached XP level 11. HP: 107/110 MP: 10/10
 12511 | D:10     | Found a staircase to the Lair.
 12925 | Lair:1   | Entered Level 1 of the Lair of Beasts
 13521 | Lair:1   | Noticed Gastronok
 13538 | Lair:1   | Killed Gastronok
 13538 | Lair:1   | Reached skill level 15 in Fighting
 13538 | Lair:1   | Reached skill level 15 in Axes
 13700 | Lair:1   | Received a gift from Trog
 14988 | Lair:2   | Noticed Nergalle
 14989 | Lair:2   | Noticed Harold
 14998 | Lair:2   | Reached XP level 12. HP: 114/122 MP: 11/11
 15007 | Lair:2   | Killed Harold
 15018 | Lair:2   | Killed Nergalle
 15485 | Lair:2   | Found a staircase to the Shoals.
 16526 | Lair:3   | Noticed a seven-headed hydra
 16535 | Lair:3   | Killed a nine-headed hydra
 17293 | Lair:3   | Found a staircase to the Snake Pit.
 19030 | Lair:5   | Found a staircase to the Slime Pits.
 19030 | Lair:5   | Found a viscous altar of Jiyva.
 20100 | Lair:6   | Entered Level 6 of the Lair of Beasts
 20111 | Lair:6   | Found a runed gate.
 20111 | Lair:6   | Found a runed gate.
 20111 | Lair:6   | Found a runed gate.
 20115 | Lair:6   | Noticed zuik's ghost (journeyman TrMo)
 20118 | Lair:6   | Noticed Allula97's ghost (journeyman DsBe)
 20340 | Lair:6   | Noticed a death yak
 20340 | Lair:6   | Noticed a four-headed hydra
 20341 | Lair:6   | Noticed a death yak
 20353 | Lair:6   | Killed a seven-headed hydra
 20353 | Lair:6   | Reached XP level 13. HP: 120/134 MP: 12/12
 21375 | Lair:6   | Received a gift from Trog
 23236 | Lair:5   | Killed Allula97's ghost
 23239 | Lair:5   | Killed zuik's ghost
 23785 | Orc:1    | Entered Level 1 of the Orcish Mines
 23818 | Orc:1    | Noticed Josephine
 23827 | Orc:1    | Killed Josephine
 23836 | Orc:1    | Reached XP level 14. HP: 91/146 MP: 13/13
 25011 | Orc:1    | Found a bloodstained altar of Trog.
 25200 | Orc:2    | Entered Level 2 of the Orcish Mines
 26270 | Orc:2    | Received a gift from Trog
 26273 | Orc:2    | Got a fine executioner's axe {god gift}
 26276 | Orc:2    | Identified the +5 executioner's axe of Igigen {elec, Dex+5}
                  | (Trog gifted it to you on level 2 of the Orcish Mines)
 26282 | Orc:2    | Found Ofruak's Magic Scroll Boutique.
 26310 | Orc:2    | Found Vewn's General Store.
 26324 | Orc:2    | Reached ****** piety under Trog
 26644 | Orc:2    | Found a staircase to the Elven Halls.
 26928 | Orc:2    | Noticed an orc warlord
 26973 | Orc:2    | Killed an orc warlord
 27703 | Orc:2    | Received a gift from Trog
 28691 | Orc:2    | Found Aqibekh's Gadget Emporium.
 28691 | Orc:2    | Found Qopamp's Antique Weapon Shoppe.
 28693 | Orc:2    | Found a one-way gate leading to the halls of Pandemonium.
 29036 | Orc:2    | Bought a scroll of enchant armour for 90 gold pieces
 29036 | Orc:2    | Bought 3 scrolls of enchant armour for 270 gold pieces
 29036 | Orc:2    | Bought a scroll of enchant armour for 90 gold pieces
 29036 | Orc:2    | Bought a scroll of enchant weapon for 90 gold pieces
 29036 | Orc:2    | Bought a scroll of remove curse for 36 gold pieces
 29038 | Orc:2    | Bought a scroll of acquirement for 624 gold pieces
 29038 | Orc:2    | Bought a scroll of identify for 24 gold pieces
 29038 | Orc:2    | Bought a scroll of identify for 24 gold pieces
 29038 | Orc:2    | Bought a scroll of enchant weapon for 90 gold pieces
 29059 | Orc:2    | Got a pair of ancient gloves
 29073 | Orc:2    | Identified the +2 pair of gloves of the Foremost Places
                  | {rCorr Str-5 Int+7} (You acquired it on level 2 of the
                  | Orcish Mines)
 30427 | D:12     | Found a white marble altar of Elyvilon.
 30448 | D:12     | Received a gift from Trog
 30451 | D:12     | Got a brightly glowing broad axe {god gift}
 30452 | D:12     | Identified the +10 broad axe of Obiak {flame, +Inv} (Trog
                  | gifted it to you on level 12 of the Dungeon)
 30855 | D:12     | Noticed Urug
 30866 | D:12     | Killed Urug
 33077 | D:14     | Found a frozen archway.
 33082 | D:14     | Reached XP level 15. HP: 156/156 MP: 14/14
 33095 | IceCv    | Entered an ice cave
 34244 | IceCv    | Received a gift from Trog
 34299 | IceCv    | Noticed a frost giant
 34309 | IceCv    | Killed a frost giant
 34376 | IceCv    | Got a sparkling brass ring
 34378 | IceCv    | Got a warped amber ring
 35036 | D:14     | Received a gift from Trog
 35717 | D:14     | Received a gift from Trog
 35794 | D:14     | Found a gate to the Vaults.
 35857 | D:14     | Identified the ring "Heost" {rC+ Dex+2} (You found it in an
                  | ice cave)
 36226 | D:14     | Noticed a bone dragon
 36227 | D:14     | Found the +9 sword of Zonguldrok {reap}
 36250 | D:14     | Killed a bone dragon
 36887 | Snake:1  | Entered Level 1 of the Snake Pit
 37073 | Snake:1  | Identified the ring "Vekaivit" {rF+++ rN+ Str+3 Int-5
                  | Stlth-} (You found it in an ice cave)
 38638 | Snake:2  | Noticed a nagaraja
 39520 | Snake:2  | Killed a nagaraja
 39520 | Snake:2  | Received a gift from Trog
 39670 | Snake:2  | Reached XP level 16. HP: 143/168 MP: 15/15
 40674 | Snake:2  | Noticed Asterion
 40701 | Snake:2  | Demolished by Asterion

Skill      XL: |  1  2  3  4  5  6  7  8  9 10 11 12 13 14 15 |
---------------+----------------------------------------------+-----
Axes           | 4 5 6 7 8 10 12 14 15 17 19 20 22 | 22.4
Fighting       | 4 5 6 7 8 10 12 14 15 17 19 20 22 | 22.4
Armour         | |  2.8
Dodging        | |  2.2

Action                   |  1- 3 |  4- 6 |  7- 9 | 10-12 | 13-15 | 16-18 || total
-------------------------+-------+-------+-------+-------+-------+-------++-------
Melee: Hand axe          |    58 |   161 |   293 |   262 |       |       ||   774
       Headbutt          |     9 |    35 |    60 |   124 |   216 |    11 ||   455
       War axe           |       |       |     6 |       |       |       ||     6
       Battleaxe         |       |       |       |   211 |   300 |       ||   511
       Executioner's axe |       |       |       |       |   632 |    38 ||   670
 Fire: Blowgun           |       |     6 |       |       |       |       ||     6
Invok: Berserk           |     3 |     3 |     3 |     7 |     5 |     2 ||    23
Evoke: Wand              |       |       |       |    10 |    32 |       ||    42
  Use: Scroll            |       |     7 |     4 |    16 |    17 |     4 ||    48
       Potion            |       |       |       |       |     2 |     3 ||     5
  Eat: Chunk             |     2 |    12 |    10 |    20 |    19 |     1 ||    64
       Ration            |     1 |     1 |     1 |     7 |    14 |     1 ||    25
Armor: Animal skin       |    13 |       |       |       |       |       ||    13
       Ring mail         |    10 |    56 |    35 |    14 |       |       ||   115
       Chain mail        |       |     8 |    66 |       |       |       ||    74
       Scale mail        |       |     5 |     1 |       |       |       ||     6
       Fire dragon scale |       |       |       |   149 |   530 |    52 ||   731
Dodge: Dodged            |    42 |    35 |   106 |   247 |   611 |    40 ||  1081
Block: Shield            |     9 |    59 |   113 |    90 |       |       ||   271
